3A
WASHINGTON GENERALS @ KENNESAW JETS
08/05/2021
 
TOP OF THE 1ST
Washington Generals batting - Pitching for Kennesaw Jets : RHP Dominic Parker
Pitching: RHP Dominic Parker
Batting: RHB Iván Rodríguez 0-0: SINGLE (Groundball, 6MD)
Batting: RHB Vicente Hernández 0-0: Called Strike
0-1: Called Strike
0-2: Foul Ball, location: 2F
0-2: Foul Ball, location: 2F
0-2: Strikes out swinging
Batting: RHB Harley Gray 0-0: Called Strike
0-1: Fielders Choice at 2nd, 4-6 (Groundball, 4)
Batting: RHB Arturo Morales 0-0: Ball
1-0: Ball
2-0: Called Strike
Harley Gray steals 2nd base
2-1: Ball
3-1: Base on Balls
Batting: SHB Carlos Alicea 0-0: Called Strike
0-1: Ball
1-1: Foul Ball, location: 2F
1-2: Foul Ball, location: 2F
1-2: 3-RUN HOME RUN (Flyball, 9LD), Distance : 350 ft
Batting: LHB Jim Unknown 0-0: Fly out, F9 (Flyball, 89M)
Top of the 1st over - 3 run(s), 2 hit(s), 0 error(s), 0 left on base; Washington 3 - Kennesaw 0
BOTTOM OF THE 1ST
Kennesaw Jets batting - Pitching for Washington Generals : LHP Melvin Morgan
Pitching: LHP Melvin Morgan
Batting: RHB Miguel Angel González 0-0: Called Strike
0-1: Swinging Strike
0-2: Ball
1-2: Ball
2-2: Foul Ball, location: 2F
2-2: Foul Ball, location: 2F
2-2: Ball
3-2: Strikes out swinging
Batting: RHB Juan Sandoval 0-0: Ball
1-0: Called Strike
1-1: Ball
2-1: Fly out, F8 (Flyball, 8LM)
Batting: RHB Abdul-Fattah bin Najjar 0-0: Swinging Strike
0-1: Called Strike
0-2: Ground out 6-3 (Groundball, 6)
Bottom of the 1st over - 0 run(s), 0 hit(s), 0 error(s), 0 left on base; Washington 3 - Kennesaw 0
TOP OF THE 2ND
Washington Generals batting - Pitching for Kennesaw Jets : RHP Dominic Parker
Batting: RHB Alfredo Suárez 0-0: Bunt missed!
0-1: Fly out, F9 (Flyball, 89M)
Batting: RHB Tim Lehman 0-0: Ball
1-0: Ground out 6-3 (Groundball, 6)
Batting: RHB Andy Moore 0-0: Called Strike
0-1: Ball
1-1: Ball
2-1: Ground out 5-3 (Groundball, 56)
Top of the 2nd over - 0 run(s), 0 hit(s), 0 error(s), 0 left on base; Washington 3 - Kennesaw 0
BOTTOM OF THE 2ND
Kennesaw Jets batting - Pitching for Washington Generals : LHP Melvin Morgan
Batting: RHB José Ramos 0-0: Ball
1-0: Ball
2-0: Foul Ball, location: 2F
2-1: Ball
3-1: Ground out 4-3 (Groundball, 4)
Batting: RHB Andrés Sánchez 0-0: Ball
1-0: Foul Ball, location: 2F
1-1: Foul Ball, location: 2F
1-2: Foul Ball, location: 2F
1-2: Ground out 6-3 (Groundball, 6)
Batting: RHB Raúl Javier Jr. 0-0: Swinging Strike
0-1: Fly out, F7 (Flyball, 7D)
Bottom of the 2nd over - 0 run(s), 0 hit(s), 0 error(s), 0 left on base; Washington 3 - Kennesaw 0
TOP OF THE 3RD
Washington Generals batting - Pitching for Kennesaw Jets : RHP Dominic Parker
Batting: RHB Iván Rodríguez 0-0: Ball
1-0: Ball
2-0: Ball
3-0: Called Strike
3-1: Fly out, F3 (Popup, 3DF)
Batting: RHB Vicente Hernández 0-0: Ball
1-0: Swinging Strike
1-1: Ball
2-1: Ball
3-1: Fly out, F8 (Flyball, 8RD)
Batting: RHB Harley Gray 0-0: Ground out 4-3 (Groundball, 4)
Top of the 3rd over - 0 run(s), 0 hit(s), 0 error(s), 0 left on base; Washington 3 - Kennesaw 0
BOTTOM OF THE 3RD
Kennesaw Jets batting - Pitching for Washington Generals : LHP Melvin Morgan
Batting: RHB Jim Unknown 0-0: Called Strike
0-1: Ball
1-1: Fly out, F9 (Line Drive, 9M)
Batting: LHB Jim Unknown 0-0: Called Strike
0-1: Foul Ball, location: 2F
0-2: Ball
1-2: Ball
2-2: Ground out 3-1 (Groundball, 34)
Batting: RHB Jim Unknown 0-0: Foul Ball, location: 2F
0-1: Ball
1-1: Ball
2-1: Called Strike
2-2: Ground out 5-3 (Groundball, 56)
Bottom of the 3rd over - 0 run(s), 0 hit(s), 0 error(s), 0 left on base; Washington 3 - Kennesaw 0
TOP OF THE 4TH
Washington Generals batting - Pitching for Kennesaw Jets : RHP Dominic Parker
Batting: RHB Arturo Morales 0-0: Called Strike
0-1: Ground out 6-3 (Groundball, 56)
Batting: SHB Carlos Alicea 0-0: Ball
1-0: Called Strike
1-1: Foul Ball, location: 2F
1-2: Ball
2-2: Strikes out looking
Batting: LHB Jim Unknown 0-0: Foul Ball, location: 2F
0-1: Ball
1-1: Ball
2-1: Fly out, F8 (Flyball, 8LM)
Top of the 4th over - 0 run(s), 0 hit(s), 0 error(s), 0 left on base; Washington 3 - Kennesaw 0
BOTTOM OF THE 4TH
Kennesaw Jets batting - Pitching for Washington Generals : LHP Melvin Morgan
Batting: RHB Miguel Angel González 0-0: Swinging Strike
0-1: Ball
1-1: Fly out, F7 (Flyball, 78M)
Batting: RHB Juan Sandoval 0-0: Foul Ball, location: 2F
0-1: Swinging Strike
0-2: Strikes out swinging
Batting: RHB Abdul-Fattah bin Najjar 0-0: Ball
1-0: Called Strike
1-1: Foul Ball, location: 2F
1-2: Strikes out swinging
Bottom of the 4th over - 0 run(s), 0 hit(s), 0 error(s), 0 left on base; Washington 3 - Kennesaw 0
TOP OF THE 5TH
Washington Generals batting - Pitching for Kennesaw Jets : RHP Dominic Parker
Batting: RHB Alfredo Suárez 0-0: Bunt for hit - play at first, batter safe!
Batting: RHB Tim Lehman 0-0: Bunted foul
0-1: Sac Bunt - play at first, batter OUT! U3
Alfredo Suárez to second
Batting: RHB Andy Moore 0-0: Ball
1-0: Called Strike
1-1: Ball
2-1: Called Strike
2-2: Strikes out swinging
Batting: RHB Iván Rodríguez 0-0: Fly out, F7 (Flyball, 7M)
Top of the 5th over - 0 run(s), 1 hit(s), 0 error(s), 1 left on base; Washington 3 - Kennesaw 0
BOTTOM OF THE 5TH
Kennesaw Jets batting - Pitching for Washington Generals : LHP Melvin Morgan
Batting: RHB José Ramos 0-0: Called Strike
0-1: Ball
1-1: Ball
2-1: Foul Ball, location: 2F
2-2: Strikes out swinging
Batting: RHB Andrés Sánchez 0-0: Ground out 5-3 (Groundball, 56)
Batting: RHB Raúl Javier Jr. 0-0: Foul Ball, location: 2F
0-1: Foul Ball, location: 2F
0-2: Strikes out swinging
Bottom of the 5th over - 0 run(s), 0 hit(s), 0 error(s), 0 left on base; Washington 3 - Kennesaw 0
TOP OF THE 6TH
Washington Generals batting - Pitching for Kennesaw Jets : RHP Dominic Parker
Batting: RHB Vicente Hernández 0-0: Ball
1-0: Called Strike
1-1: Swinging Strike
1-2: Hit by Pitch
Batting: RHB Harley Gray 0-0: Fly out, F9 (Flyball, 89M)
Batting: RHB Arturo Morales 0-0: Foul Ball, location: 2F
0-1: Ball
1-1: Grounds into double play, 5-4-3 (Groundball, 5)
Top of the 6th over - 0 run(s), 0 hit(s), 0 error(s), 0 left on base; Washington 3 - Kennesaw 0
BOTTOM OF THE 6TH
Kennesaw Jets batting - Pitching for Washington Generals : LHP Melvin Morgan
Batting: RHB Jim Unknown 0-0: Ball
1-0: Ball
2-0: Called Strike
2-1: Ball
3-1: Foul Ball, location: 2F
3-2: SOLO HOME RUN (Flyball, 9LD), Distance : 345 ft
Batting: LHB Jim Unknown 0-0: Ball
1-0: Ball
2-0: Foul Ball, location: 2F
2-1: Swinging Strike
2-2: SINGLE (Flyball, 6MD)
Batting: RHB Jim Unknown 0-0: Ball
1-0: Foul Ball, location: 2F
1-1: Grounds into double play, 6-4-3 (Groundball, 6M)
Batting: RHB Miguel Angel González 0-0: Called Strike
0-1: Ball
1-1: Called Strike
1-2: Ground out 5-3 (Groundball, 56)
Bottom of the 6th over - 1 run(s), 2 hit(s), 0 error(s), 0 left on base; Washington 3 - Kennesaw 1
TOP OF THE 7TH
Washington Generals batting - Pitching for Kennesaw Jets : RHP Dominic Parker
Batting: SHB Carlos Alicea 0-0: Foul Ball, location: 2F
0-1: Swinging Strike
0-2: Ball
1-2: Ball
2-2: Foul Ball, location: 2F
2-2: Foul Ball, location: 2F
2-2: Strikes out swinging
Batting: LHB Jim Unknown 0-0: Ball
1-0: Called Strike
1-1: Ball
2-1: Fly out, F8 (Flyball, 8LM)
Batting: RHB Alfredo Suárez 0-0: Fly out, F8 (Line Drive, 8LM)
Top of the 7th over - 0 run(s), 0 hit(s), 0 error(s), 0 left on base; Washington 3 - Kennesaw 1
BOTTOM OF THE 7TH
Kennesaw Jets batting - Pitching for Washington Generals : LHP Melvin Morgan
Batting: RHB Juan Sandoval 0-0: Ball
1-0: Called Strike
1-1: Foul Ball, location: 2F
1-2: Ball
2-2: Hit by Pitch
Batting: RHB Abdul-Fattah bin Najjar 0-0: Ball
1-0: Called Strike
1-1: Ball
2-1: Ball
3-1: Base on Balls
Juan Sandoval to second
Batting: RHB José Ramos 0-0: Ball
1-0: Fielders Choice at 2nd, 1-6 (Groundball, 15)
Juan Sandoval to third
Pinch Hitting: RHB Jim Unknown 0-0: Ball
José Ramos steals 2nd base
1-0: Ground out 4-3 (Groundball, 34)
Batting: RHB Raúl Javier Jr. 0-0: Ball
1-0: Swinging Strike
1-1: Ground out 5-3 (Groundball, 56)
Bottom of the 7th over - 0 run(s), 0 hit(s), 0 error(s), 2 left on base; Washington 3 - Kennesaw 1
TOP OF THE 8TH
Washington Generals batting - Pitching for Kennesaw Jets : RHP Dominic Parker
Now at SS: Clarence Therrien
Batting: RHB Tim Lehman 0-0: Called Strike
0-1: Ball
1-1: Ball
2-1: Foul Ball, location: 2F
2-2: Strikes out swinging
Batting: RHB Andy Moore 0-0: Called Strike
0-1: Ball
1-1: Ball
2-1: Foul Ball, location: 2F
2-2: Ball
3-2: Strikes out swinging
Batting: RHB Iván Rodríguez 0-0: Ball
1-0: Swinging Strike
1-1: Ball
2-1: Ground out 5-3 (Groundball, 5L)
Top of the 8th over - 0 run(s), 0 hit(s), 0 error(s), 0 left on base; Washington 3 - Kennesaw 1
BOTTOM OF THE 8TH
Kennesaw Jets batting - Pitching for Washington Generals : LHP Melvin Morgan
Batting: RHB Jim Unknown 0-0: Ball
1-0: Ball
2-0: Fly out, F6 (Popup, 6M)
Batting: LHB Jim Unknown 0-0: Foul Ball, location: 2F
0-1: Fly out, F8 (Flyball, 8LM)
Batting: RHB Jim Unknown 0-0: Ball
1-0: Called Strike
1-1: Ground out 5-3 (Groundball, 5)
Bottom of the 8th over - 0 run(s), 0 hit(s), 0 error(s), 0 left on base; Washington 3 - Kennesaw 1
TOP OF THE 9TH
Washington Generals batting - Pitching for Kennesaw Jets : RHP Dominic Parker
Batting: RHB Vicente Hernández 0-0: Called Strike
0-1: Ball
1-1: Called Strike
1-2: Ball
2-2: Strikes out swinging
Batting: RHB Harley Gray 0-0: Ball
1-0: Ball
2-0: Called Strike
2-1: Called Strike
2-2: Strikes out swinging
Batting: RHB Arturo Morales 0-0: Called Strike
0-1: Swinging Strike
0-2: Fly out, F9 (Flyball, 89D)
Top of the 9th over - 0 run(s), 0 hit(s), 0 error(s), 0 left on base; Washington 3 - Kennesaw 1
BOTTOM OF THE 9TH
Kennesaw Jets batting - Pitching for Washington Generals : LHP Melvin Morgan
Batting: RHB Miguel Angel González 0-0: Ball
1-0: Swinging Strike
1-1: Ball
2-1: Ball
3-1: Base on Balls
Pitching: RHP Jeff Pearce
Batting: RHB Juan Sandoval 0-0: Called Strike
0-1: Grounds into double play, 6-4-3 (Groundball, 6)
Batting: RHB Abdul-Fattah bin Najjar 0-0: Ground out 2-3 (Groundball, 2R)
Bottom of the 9th over - 0 run(s), 0 hit(s), 0 error(s), 0 left on base; Washington 3 - Kennesaw 1
This league is powered by Out of the Park Baseball, the baseball management simulation game for PC, Mac and Linux
Friday, January 22nd, 2016 - OOTP Baseball 16.9 Build 39